 Dungeon Crawl Stone Soup version 0.28.0 (webtiles) character file.

Game seed: 6952925842120548795

114 Ayyar the Grasshopper (level 4, 0/57 HPs)
             Began as a Gnoll Warper on Feb 18, 2022.
             Succumbed to an adder's poison
             ... on level 3 of the Dungeon.
             The game lasted 00:08:02 (2893 turns).

Ayyar the Grasshopper (Gnoll Warper)                Turns: 2893, Time: 00:08:03

Health: 0/57       AC: 22    Str: 10 (12) XL:     4   Next: 98%
Magic:  11/11      EV:  2    Int: 11 (12) God:
Gold:   98         SH:  0    Dex: 11 (12) Spells: 13/13 levels left

rFire   . . .      SeeInvis .   a - +0 mace
rCold   . . .      Faith    .   (no shield)
rNeg    . . .      Spirit   .   (armour currently unavailable)
rPois   +          Reflect  .   (helmet currently unavailable)
rElec   .          Harm     .   (cloak currently unavailable)
rCorr   .          Rampage  .   (gloves currently unavailable)
Will    .....      NoTele   +   (boots currently unavailable)
Stlth   ++........              (no amulet)
HPRegen 0.19/turn               (no ring)
MPRegen 0.12/turn               (no ring)

@: lethally poisoned (0 -> -5), tree-form
A: stationary, stasis, torment immunity, boosted hp, (fangs 1), strong nose,
distributed training
a: no special abilities


You were on level 3 of the Dungeon.
You were a tree.
You visited 1 branch of the dungeon, and saw 3 of its levels.

You collected 98 gold pieces.

Inventory:

Hand Weapons
 a - a +0 mace (weapon)
Missiles
 d - 5 boomerangs of dispersal (quivered)
Armour
 b - a +0 leather armour (melded)
 j - a +0 pair of boots (melded)
Wands
 l - a wand of flame (27)
Scrolls
 c - 3 scrolls of blinking
 e - a scroll of teleportation {unknown}
 g - 3 scrolls of identify {unknown}
 h - a scroll of enchant weapon {unknown}
 i - a scroll of magic mapping {unknown}
 k - 2 scrolls of vulnerability {unknown}
 o - a scroll of enchant armour {unknown}
Potions
 f - a potion of brilliance


   Skills:
 + Level 4.7 Fighting
 + Level 1.3 Short Blades
 + Level 1.3 Long Blades
 + Level 1.3 Axes
 + Level 4.7 Maces & Flails
 + Level 1.3 Polearms
 + Level 1.3 Staves
 + Level 1.3 Slings
 + Level 1.3 Bows
 + Level 1.3 Crossbows
 + Level 2.8 Throwing
 + Level 2.8 Armour
 + Level 4.7 Dodging
 + Level 1.3 Stealth
 + Level 1.3 Shields
 + Level 1.3 Unarmed Combat
 + Level 5.1 Spellcasting
 + Level 1.0 Conjurations
 + Level 1.0 Hexes
 + Level 1.0 Summonings
 + Level 1.0 Necromancy
 + Level 5.5 Translocations
 + Level 1.0 Transmutations
 + Level 1.0 Fire Magic
 + Level 1.0 Ice Magic
 + Level 1.0 Air Magic
 + Level 1.0 Earth Magic
 + Level 1.0 Poison Magic
 + Level 1.4 Invocations
 + Level 1.3 Evocations


You had 13 spell levels left.
You didn't know any spells.
Your spell library contained the following spells:

 Spells                   Type           Power      Damage    Failure   Level
 Blink                    Tloc           28%        N/A       3%          2
 Gell's Gravitas          Tloc           14%        N/A       7%          3
 Lesser Beckoning         Tloc           14%        N/A       7%          3
 Teleport Other           Tloc           14%        N/A       7%          3
 Manifold Assault         Tloc           14%        N/A       52%         5


Dungeon Overview and Level Annotations

Branches:
Dungeon (3/15)

Altars:
Gozag

Annotations:
D:3 3 runed translucent doors, Ozzieoiler's ghost, amateur DgIE


Innate Abilities, Weirdness & Mutations

You are a tree.
Your roots penetrate the ground, keeping you stationary.
You cannot be teleported.
You are immune to unholy pain and torment.
Your maximum health is greatly increased.
Your equipment is partially melded.
((You have very sharp teeth.))
Your uncanny sense of smell can sniff out nearby items.
Your experience applies equally to all skills.


Message History

You miss the adder.
The adder is heavily wounded.
The adder misses you.
You barely miss the adder.
The adder is heavily wounded.
The adder bites you but does no damage. x2
You barely miss the adder.
The adder is moderately wounded.
The adder closely misses you.
You closely miss the adder.
The adder is moderately wounded.
The adder bites you.
* * * LOW HITPOINT WARNING * * *
The adder bites you.
* * * LOW HITPOINT WARNING * * *
You are poisoned.
The adder poisons you!
You hit the adder. Your punch misses the adder.
The adder is severely wounded.
You feel sick. The adder bites you but does no damage.
You hit the adder but do no damage.
The adder is severely wounded.
You feel sick. The adder barely misses you. The adder bites you.
* * * LOW HITPOINT WARNING * * *
You are more poisoned.
The adder poisons you!
It was a potion of degeneration.
There was something very wrong with that liquid.
You feel weakened.
You feel dopey.
You feel clumsy.
* * * LOW HITPOINT WARNING * * *
You feel sick. The adder bites you but does no damage.
It was a potion of lignification.
You turn into a tree.
Your +0 pair of boots melds into your body.
Your +0 leather armour melds into your body.
Your roots penetrate the ground.
* * * LOW HITPOINT WARNING * * *
You feel sick. The adder bites you but does no damage.
You closely miss the adder.
The adder is severely wounded.
You die...

#.............
#.............
#.............
#.............
#.............
####.........(...
........#########
#######S#########
.......♣.........
...............#
.#######.#####.###
#..#.......
##.#.......
#.#.......
#.........
##........
#........


You could see an adder.

Vanquished Creatures
  A scorpion (D:3)
  An adder (D:2)
  3 dart slugs
  5 endoplasms
  3 giant cockroaches
  2 goblins
  5 hobgoblins
  A kobold (D:1)
  2 quokkas (D:1)
  4 ball pythons
  2 bats
  3 frilled lizards
  4 rats
36 creatures vanquished.

Notes
Turn   | Place    | Note
-------+----------+-------------------------------------------
     0 | D:1      | Ayyar the Gnoll Warper began the quest for the Orb.
     0 | D:1      | Reached XP level 1. HP: 20/20 MP: 6/6
    67 | D:1      | Reached XP level 2. HP: 4/26 MP: 7/7
  1288 | D:2      | Reached XP level 3. HP: 20/31 MP: 9/9
  1470 | D:2      | Reached skill level 5 in Spellcasting
  1740 | D:2      | Reached skill level 1 in Invocations
  2218 | D:3      | Noticed a scorpion
  2226 | D:3      | HP: 1/31 [poisoned by a scorpion]
  2241 | D:3      | Killed a scorpion
  2242 | D:3      | Reached skill level 1 in Short Blades
  2242 | D:3      | Reached skill level 1 in Long Blades
  2242 | D:3      | Reached skill level 1 in Axes
  2242 | D:3      | Reached skill level 1 in Polearms
  2242 | D:3      | Reached skill level 1 in Staves
  2242 | D:3      | Reached skill level 1 in Slings
  2242 | D:3      | Reached skill level 1 in Bows
  2242 | D:3      | Reached skill level 1 in Crossbows
  2242 | D:3      | Reached skill level 1 in Stealth
  2242 | D:3      | Reached skill level 1 in Shields
  2242 | D:3      | Reached skill level 1 in Unarmed Combat
  2242 | D:3      | Reached skill level 1 in Conjurations
  2242 | D:3      | Reached skill level 1 in Hexes
  2242 | D:3      | Reached skill level 1 in Summonings
  2242 | D:3      | Reached skill level 1 in Necromancy
  2242 | D:3      | Reached skill level 1 in Transmutations
  2242 | D:3      | Reached skill level 1 in Fire Magic
  2242 | D:3      | Reached skill level 1 in Ice Magic
  2242 | D:3      | Reached skill level 1 in Air Magic
  2242 | D:3      | Reached skill level 1 in Earth Magic
  2242 | D:3      | Reached skill level 1 in Poison Magic
  2242 | D:3      | Reached skill level 1 in Evocations
  2242 | D:3      | Reached XP level 4. HP: 8/38 MP: 11/11
  2488 | D:3      | Found a runed translucent gate.
  2488 | D:3      | Found a runed translucent gate.
  2488 | D:3      | Found a runed translucent gate.
  2490 | D:3      | Found an opulent altar of Gozag.
  2492 | D:3      | Noticed a black bear
  2492 | D:3      | Noticed Ozzieoiler's ghost (amateur DgIE)
  2540 | D:3      | Noticed a water moccasin
  2644 | D:3      | Found a faded altar of an unknown god.
  2892 | D:3      | HP: 2/57 [poisoned by an adder]
  2893 | D:3      | Succumbed to an adder's poison

Illustrated notes

Levels and vault maps discovered:
D:1:      zelgadis_glass_arrival_small, layout_basic, grunt_decor_cap
D:2:      layout_rooms, chequers_serial_rivers_micro_a
D:3:      layout_basic, hellmonk_ecumenical_altar_pennies_from_heaven,
          ebering_ghost_gozag, minivault_14, guppyfry_early_lair_pool

Skill      XL: |  1  2  3 |
---------------+----------+-----
Spellcasting   | 5 |  5.1
Invocations    | 1 |  1.4
Short Blades   | 1 |  1.3
Long Blades    | 1 |  1.3
Axes           | 1 |  1.3
Polearms       | 1 |  1.3
Staves         | 1 |  1.3
Slings         | 1 |  1.3
Bows           | 1 |  1.3
Crossbows      | 1 |  1.3
Stealth        | 1 |  1.3
Shields        | 1 |  1.3
Unarmed Combat | 1 |  1.3
Conjurations   | 1 |  1.0
Hexes          | 1 |  1.0
Summonings     | 1 |  1.0
Necromancy     | 1 |  1.0
Transmutations | 1 |  1.0
Fire Magic     | 1 |  1.0
Ice Magic      | 1 |  1.0
Air Magic      | 1 |  1.0
Earth Magic    | 1 |  1.0
Poison Magic   | 1 |  1.0
Evocations     | 1 |  1.3
Fighting       | |  4.7
Maces & Flails | |  4.7
Throwing       | |  2.8
Armour         | |  2.8
Dodging        | |  4.7
Translocations | |  5.5

Action                   |  1- 3 |  4- 6 || total
-------------------------+-------+-------++-------
Melee: Mace              |   105 |    27 ||   132
       Bite              |     8 |     1 ||     9
       Punch             |       |     1 ||     1
  Use: Potion            |     2 |     2 ||     4
 Stab: Sleeping          |     1 |       ||     1
Armor: Leather armour    |    19 |    13 ||    32
       Skin              |       |     1 ||     1
Dodge: Dodged            |    78 |    33 ||   111
